 Dungeon Crawl Stone Soup version 0.30-a0-672-gc3a7216ad8 (webtiles) character file.

Game seed: 16184474962119448628

110 BigDaddyOpFi the Trooper (level 4, -1/37 HPs)
             Began as a Demonspawn Fighter on Jan 18, 2023.
             Killed by nerve-wracking pain
             ... invoked by a shadow imp
             ... summoned by Natasha
              (11 damage)
             ... on level 3 of the Dungeon.
             The game lasted 00:01:51 (1875 turns).

BigDaddyOpFi the Trooper (Demonspawn Fighter)       Turns: 1875, Time: 00:01:52

Health: -1/37      AC: 12    Str: 18    XL:     4   Next: 61%
Magic:  4/4        EV:  5    Int:  9    God:
Gold:   100        SH: 10    Dex: 13    Spells: 3/3 levels left

rFire   . . .      SeeInvis .    a - +0 war axe
rCold   . . .      Faith    .    c - +1 buckler
rNeg    . . .      Spirit   .    e - +0 plate armour
rPois   .          Reflect  .    (helmet restricted)
rElec   .          Harm     .    (no cloak)
rCorr   .          Rampage  .    (no gloves)
Will    .....                    q - +0 pair of boots Stlth
                                 (no amulet)
HPRegen 0.26/turn                (no ring)
MPRegen 0.09/turn                (no ring)

@: slowed, very slow
A: antennae 1, condensation shield, weakness stinger 1
a: no special abilities


You were on level 3 of the Dungeon.
You visited 1 branch of the dungeon, and saw 3 of its levels.

You collected 100 gold pieces.

Inventory:

Hand Weapons
 a - a +0 war axe (weapon)
Missiles
 o - a throwing net (quivered)
Armour
 c - a +1 buckler (worn)
 e - a +0 plate armour (worn)
 q - a +0 pair of boots (worn)
Scrolls
 l - a scroll of teleportation
Potions
 d - 3 potions of might
 f - 2 potions of cancellation
 g - a potion of flight {unknown}
 i - 2 potions of curing {unknown}
 j - 2 potions of lignification {unknown}
 m - 2 potions of mutation {unknown}
 n - a potion of invisibility {unknown}
 p - a potion of magic {unknown}


   Skills:
 + Level 3.7 Fighting
 + Level 2.6 Axes
 + Level 3.3 Armour
 + Level 3.4 Shields


You had 3 spell levels left.
You didn't know any spells.
Your spell library contained the following spells:

 Spells                   Type           Power      Damage    Failure   Level
 Gell's Gravitas          Tloc           0%         N/A       100%        3
 Teleport Other           Tloc           0%         N/A       100%        3
 Dispersal                Tloc           0%         N/A       100%        6


Dungeon Overview and Level Annotations

Branches:
Dungeon (3/15)

Altars:

Shops:
D:1 [   D:2 !

Annotations:
D:3 Natasha


Innate Abilities, Weirdness & Mutations

You have a pair of small antennae on your head.
A meltable shield of frost defends you. (SH +4)
You have a small tail.


Message History

You barely miss the shadow imp.
The shadow imp is severely wounded.
You barely miss Natasha. Natasha casts a spell at you.
You feel yourself slow down. The shadow imp hits you.
You hit the shadow imp.
The shadow imp is almost dead.
You barely miss Natasha. Natasha claws you.
The shadow imp completely misses you. Natasha claws you!
You block the shadow imp's attack.
You closely miss the shadow imp.
The shadow imp is almost dead.
You hit Natasha. Natasha claws you but does no damage.
The shadow imp grins evilly.
The shadow imp gestures at you. Pain shoots through your body!
Natasha stares at you and mumbles some strange words.
You feel as though you will be slow longer.
The shadow imp hits you but does no damage.
You are too injured to fight recklessly!
You are too injured to fight recklessly!
You are too injured to fight recklessly!
You are too injured to fight recklessly!
You are too injured to fight recklessly!
You are too injured to fight recklessly!
You are too injured to fight recklessly!
You are too injured to fight recklessly!
You are too injured to fight recklessly!
You are too injured to fight recklessly!
You barely miss Natasha.
Natasha is heavily wounded.
You hit the shadow imp but do no damage.
Natasha barely misses you. You block the shadow imp's attack.
Natasha wildly gestures.
Natasha's front paws start to glow.
Natasha claws you.
* * * LOW HITPOINT WARNING * * *
The shadow imp gestures at you. Pain shoots through your body!
You die...

.....#8.........8#........##.....
.....+...........+.##.....+......
.#.#.#8.........8#.....†..###....
.#.#.##.........##........###....
.#.#..##8.....8##...##.......###.
...#...##.....##.#...............
........##8.8##.........#........
.........##+##..........#†#......
................@h..........##...
..... .........#5...............
...... .......#<#................
.# ##....#.#................ ....
##.....#............##.. ....
##....####.......†..##..
#....##.....# ######....##..
..#.........####...###....##..
#...#.......#.................


You could see Natasha and a shadow imp (summoned).

Vanquished Creatures
  4 adders (D:2)
  A gnoll (D:2)
  3 dart slugs
  An orc (D:3)
  4 ball pythons
  3 bats
  3 endoplasms
  3 giant cockroaches (D:1)
  3 goblins
  5 hobgoblins
  7 jackals
  4 kobolds
  3 quokkas (D:3)
  4 frilled lizards
  6 rats
54 creatures vanquished.

Notes
Turn   | Place    | Note
-------+----------+-------------------------------------------
     0 | D:1      | BigDaddyOpFi the Demonspawn Fighter began the quest for the
                  | Orb.
     0 | D:1      | Reached XP level 1. HP: 18/18 MP: 1/1
    87 | D:1      | Gained mutation: A meltable shield of frost defends you.
                  | (SH +4) [demonic ancestry]
    87 | D:1      | Reached XP level 2. HP: 24/24 MP: 2/2
   244 | D:1      | Found Qanilut's Antique Armour Shop.
   787 | D:2      | Discovered your monstrous ancestry.
   787 | D:2      | Gained mutation: You have a small tail. [demonic ancestry]
   787 | D:2      | Reached XP level 3. HP: 28/29 MP: 3/3
   937 | D:2      | Gained mutation: You have a pair of small antennae on your
                  | head. [demonic ancestry]
   937 | D:2      | Reached XP level 4. HP: 36/36 MP: 4/4
  1257 | D:2      | Found Suggagg's Distillery.
  1866 | D:3      | Noticed Natasha
  1875 | D:3      | Killed from afar by a shadow imp

Illustrated notes

Levels and vault maps discovered:
D:1:      tarquinn_simple_flora_water_b, layout_basic, serial_shops,
          nicolae_shop_hallway_plus, minmay_hedge_maze
D:2:      minmay_alternating_diamond, layout_loops_ring, serial_shops,
          nicolae_shop_behind_doors
D:3:      layout_basic, dk_noncrumbling_4, uniq_natasha

Skill      XL: |  1  2 |
---------------+-------+-----
Axes           | 2 |  2.6
Shields        | 3 |  3.4
Armour         | 3 |  3.3
Fighting       | |  3.7

Action                   |  1- 3 |  4- 6 || total
-------------------------+-------+-------++-------
Melee: War axe           |    92 |    57 ||   149
       Tailslap          |     2 |     4 ||     6
  Use: Scroll            |       |     6 ||     6
Armor: Scale mail        |    32 |    27 ||    59
       Plate armour      |       |     2 ||     2
Dodge: Dodged            |    42 |    21 ||    63
Block: Buckler           |    43 |    20 ||    63

Table legend: (Time is in decaauts)
 A = Elapsed time spent in this place.
 B = Non-inter-level travel time spent in this place.
 C = Inter-level travel time spent in this place.
 D = Time resting spent in this place.
 E = Time spent auto-exploring this place.
 F = Levels seen in this place.
 G = Mean time per level.
                   A        B        C        D        E       F      G
               +--------+--------+--------+--------+--------+-----+--------+
         Total |   1939 |   1866 |     73 |      0 |   1444 |   3 |  646.3 |
       Dungeon |   1939 |   1866 |     73 |      0 |   1444 |   3 |  646.3 |
               +--------+--------+--------+--------+--------+-----+--------+

Top non-repeatable levels by time:
     D:2: 881 daAuts
     D:1: 712 daAuts
     D:3: 345 daAuts
